Map: New Repugnancy LE

Players

Mez

  • Race: Terran Terran
  • League: Master
  • Spawn Location: 7:00

noYc - Winner!

  • Race: Protoss Protoss
  • League: Master
  • Spawn Location: 1:00

VOD

Have the link to the VOD?

Description

Time

  • Played on: Aug. 10, 2019, 5:11 p.m.
  • Length: 13:39
Show
View Real Time Build Order
Export as new Build Order

Mez Terran 

Build Orders: Reaper Expand 

Get SALT Encoding   

  12  0:01  SCV  
  13  0:13  SCV  
  14  0:17  Supply Depot  
  14  0:25  SCV  
  15  0:39  SCV  
  15  0:41  Barracks  
  16  0:45  Refinery  
  16  0:51  SCV  
  17  1:03  SCV  
  18  1:15  SCV  
  19  1:29  Reaper, Orbital Command  
  20  1:42  Command Center  
  20  1:47  Bunker  
  20  1:54  Supply Depot  
  20  1:59  SCV  
  21  2:03  Barracks Reactor  
  21  2:13  SCV  
  22  2:25  SCV  
  23  2:31  Command Center  
  23  2:38  SCV  
  23  2:41  Factory  
  24  2:46  Marine  
  24  2:47  Marine  
  25  2:59  SCV  
  25  3:04  Marine x2  
  28  3:11  SCV  
  29  3:16  Refinery  
  29  3:23  SCV  
  30  3:35  SCV  
  30  3:38  Widow Mine  
  30  3:39  Starport  
  30  3:40  Marine x2  
  36  3:43  Orbital Command  
  36  3:44  Orbital Command  
  36  3:47  SCV  
  36  3:58  Marine x2  
  36  3:59  SCV  
  39  4:04  Widow Mine  
  41  4:10  SCV x2  
  41  4:11  SCV  
  41  4:16  Refinery, Marine x2  
  45  4:17  Starport Tech Lab  
  45  4:28  Factory Tech Lab  
  45  4:29  SCV x2  
  47  4:34  Marine x2  
  49  4:39  Raven  
  49  4:44  SCV x3  
  54  4:51  Supply Depot  
  54  4:52  Marine x2  
  56  4:53  Barracks x2  
  56  4:54  Refinery  
  56  4:56  SCV x2  
  56  4:59  Siege Tank  
  61  5:12  Marine x2  
  61  5:13  SCV x2  
  65  5:14  Supply Depot  
  65  5:19  Engineering Bay x2, SCV  
  66  5:25  SCV x2  
  68  5:30  Marine  
  68  5:33  Starport Reactor  
  69  5:35  SCV, Marine  
  69  5:36  Siege Tank  
  72  5:48  Marine  
  71  5:53  Marine  
  72  6:01  SCV, Barracks  
  72  6:02  SCV  
  72  6:03  Stimpack  
  72  6:04  Barracks, Marauder  
  76  6:06  Marine  
  73  6:15  Medivac x2  
  73  6:16  Terran Infantry Weapons Level 1  
  73  6:17  Terran Infantry Armor Level 1  
  77  6:20  Factory Reactor  
  77  6:29  SCV  
  77  6:36  Supply Depot  
  77  6:37  SCV x2, Marine x2  
  77  6:38  Marauder x2  
  85  6:40  Supply Depot  
  85  6:41  SCV, Combat Shield  
  85  6:44  Orbital Command  
  86  6:49  SCV  
  86  6:52  Barracks Reactor, Barracks Tech Lab  
  86  6:54  SCV  
  88  6:58  Marine x2  
  88  6:59  Marauder x2  
  94  7:01  SCV  
  93  7:09  SCV x2  
  93  7:14  SCV  
  93  7:15  Marauder  
  98  7:20  Marauder  
  98  7:21  SCV x2  
  102  7:25  Supply Depot  
  102  7:26  Marauder  
  102  7:27  Marine  
  105  7:35  Armory, Supply Depot  
  105  7:36  Marauder, Medivac  
  109  7:37  Supply Depot  
  109  7:46  Medivac  
  109  7:47  Widow Mine x2, Marauder  
  117  7:57  SCV x3, Marine x2  
  122  8:03  Supply Depot  
  122  8:05  Bunker  
  122  8:08  Supply Depot  
  122  8:09  Bunker, Marine x2  
  122  8:10  Marauder x3  
  122  8:11  Widow Mine  
  132  8:17  Supply Depot  
  132  8:22  Supply Depot  
  132  8:24  Medivac x2  
  132  8:25  Widow Mine  
  135  8:37  Terran Infantry Armor Level 2, Terran Infantry Weapons Level 2  
  134  8:46  Missile Turret  
  133  8:50  Marine x4, Marauder x2  
  133  8:51  Barracks Tech Lab  
  133  8:55  Missile Turret  
  141  8:58  Terran Ship Weapons Level 1  
  141  9:03  Refinery x2  
  141  9:04  Supply Depot  
  141  9:05  Supply Depot  
  141  9:08  Marine  
  142  9:10  Missile Turret  
  142  9:11  Marauder  
  142  9:14  Missile Turret, Marine x2  
  142  9:15  Marine, Marauder x2  
  151  9:25  Marine  
  151  9:27  SCV x3  
  155  9:32  Marine x2  
  155  9:33  Marauder  
  155  9:36  Marauder x2  
  163  9:39  SCV x3, Supply Depot  
  163  9:40  Supply Depot  
  163  9:42  Ghost Academy  
  163  9:45  Starport  
  166  9:51  Marine x2  
  168  9:54  Command Center, Marauder  
  170  10:03  Marine x2, Marauder x2  
  176  10:08  Medivac  
  176  10:09  Medivac  
  176  10:10  Barracks  
  176  10:11  Barracks  
  176  10:12  Barracks  
  180  10:30  Marine x2  
  180  10:31  Ghost x3, Marine  
  180  10:32  Marine  
  190  10:36  Starport Tech Lab  
  190  10:37  Fusion Core  
  190  10:39  Widow Mine x2  
  194  10:59  Marine x3  
  194  11:02  Barracks Reactor, Barracks Tech Lab x2  
  197  11:06  Marine x3  
  198  11:13  Liberator  
  198  11:14  Liberator x2  
  173  11:19  Marine  
  173  11:20  Marine x2, Marauder  
  134  11:26  Marine x2, Marauder x2  
  134  11:27  Marauder  
  136  11:33  Advanced Ballistics  
  136  11:37  Marine  
  125  11:41  Marine x3, Marauder  
  125  11:42  Marine  
  125  11:44  Marine  
  125  11:45  Marauder  
  128  11:47  Ghost x2, Marine  
  119  11:55  Marine  
  120  12:05  Marine x4  
  120  12:06  Sensor Tower, Ghost x2, Marine  
  129  12:13  Medivac  
  129  12:14  Medivac  
  133  12:20  Liberator  
  133  12:26  Liberator x2  
  128  12:34  Marine  
  128  12:35  Marine, Marauder x2  
  82  12:54  Marine x5  
  82  12:55  Marine, Marauder x3  
  82  12:56  Marauder  
  90  13:03  Marauder  
  86  13:19  Marine  
Show
View Real Time Build Order
Export as new Build Order

noYc Protoss - Winner!

Build Orders: Archon Immortal, Blink Stalkers 

Get SALT Encoding   

  12  0:00  Probe  
  13  0:12  Probe  
  14  0:18  Pylon  
  14  0:24  Probe  
  15  0:32  Probe  
  15  0:38  Gateway  
  15  0:41  Probe  
  16  0:47  Assimilator  
  17  0:51  Probe  
  18  1:03  Probe  
  19  1:15  Probe  
  20  1:26  Zealot, Cybernetics Core  
  23  1:34  Pylon  
  22  1:47  Nexus  
  22  1:51  Probe  
  23  1:54  Adept  
  23  1:56  Assimilator  
  23  2:05  Warp Gate  
  24  2:10  Probe  
  24  2:15  Stalker  
  25  2:22  Probe  
  28  2:35  Probe  
  29  2:41  Pylon  
  29  2:47  Probe  
  30  3:03  Sentry  
  32  3:11  Probe  
  32  3:15  Probe  
  32  3:19  Probe  
  34  3:20  Twilight Council  
  34  3:27  Probe  
  34  3:31  Probe  
  35  3:39  Probe  
  35  3:41  Gateway  
  36  3:42  Robotics Facility, Gateway  
  36  3:46  Probe  
  36  3:48  Blink  
  37  3:51  Probe  
  37  3:54  Stalker  
  40  3:58  Probe  
  41  4:07  Probe  
  42  4:10  Probe  
  42  4:14  Pylon  
  43  4:19  Probe  
  43  4:22  Stalker, Probe  
  47  4:30  Assimilator, Observer  
  49  4:31  Probe  
  49  4:34  Probe  
  49  4:38  Stalker x2  
  52  4:43  Probe  
  52  4:44  Observer  
  55  4:46  Probe  
  57  4:56  Stalker  
  59  5:10  Stalker  
  61  5:14  Pylon  
  61  5:15  Pylon  
  61  5:18  Probe  
  61  5:20  Nexus  
  62  5:21  Pylon  
  62  5:32  Probe  
  63  5:36  Immortal  
  61  5:49  Probe x2  
  67  5:53  Pylon  
  67  5:55  Charge  
  67  5:56  Forge  
  67  5:59  Forge  
  67  6:01  Probe x2  
  67  6:14  Warp Prism  
  67  6:21  Stalker x3  
  75  6:27  Protoss Ground Armor Level 1  
  71  6:36  Probe x3  
  71  6:37  Protoss Ground Weapons Level 1  
  71  6:38  Observer  
  74  6:40  Gateway  
  74  6:43  Gateway  
  74  6:44  Gateway x2  
  74  6:46  Gateway  
  74  6:50  Zealot  
  74  6:53  Observer  
  76  7:13  Probe  
  76  7:14  Probe  
  76  7:17  Probe  
  76  7:20  Immortal  
  76  7:21  Probe  
  76  7:22  Probe  
  79  7:28  Zealot x2  
  79  7:29  Zealot, Probe  
  92  7:37  Sentry  
  92  7:39  Nexus  
  92  7:40  Pylon  
  92  7:42  Templar Archives  
  92  7:44  Probe x2, Pylon  
  94  7:45  Probe  
  94  7:48  Assimilator  
  97  7:52  Zealot x3  
  97  7:56  Probe x2  
  97  7:57  Probe  
  106  8:08  Probe  
  106  8:09  Probe x2  
  106  8:12  Zealot x3  
  113  8:13  Zealot x2  
  113  8:17  Protoss Ground Weapons Level 2, Protoss Ground Armor Level 2  
  119  8:20  Probe  
  120  8:30  Probe x2  
  120  8:33  Probe  
  119  8:36  Assimilator  
  119  8:37  Assimilator  
  119  8:43  Probe x2  
  117  8:49  Zealot x4  
  117  8:50  Zealot  
  117  8:54  Pylon  
  117  8:55  Pylon  
  125  8:56  Pylon  
  125  8:57  Pylon  
  125  8:59  Immortal, Probe x3  
  125  9:01  Zealot x3  
  134  9:11  Probe  
  139  9:17  Robotics Facility  
  139  9:27  High Templar x4  
  139  9:28  High Templar x2  
  151  9:34  Gateway  
  151  9:36  Gateway  
  151  9:37  High Templar x2  
  151  9:38  Gateway  
  155  9:39  Archon x3  
  155  9:40  Gateway  
  155  9:41  Archon  
  155  9:42  Gateway  
  155  9:48  Photon Cannon, Assimilator x2  
  155  9:51  Photon Cannon  
  155  9:52  Shield Battery  
  155  9:54  Pylon  
  155  9:55  Pylon  
  155  9:56  Pylon  
  155  9:57  Immortal  
  159  10:01  High Templar x2  
  159  10:02  Zealot x2  
  167  10:08  Immortal  
  167  10:12  Archon  
  167  10:13  Zealot x4  
  179  10:25  Stalker  
  179  10:26  Stalker  
  179  10:35  Stalker  
  179  10:36  Stalker x4  
  179  10:37  Zealot x2  
  192  10:50  Zealot  
  192  10:51  Zealot  
  178  11:21  Zealot x2  
  178  11:22  Zealot x6  
  178  11:23  Zealot x3  
  178  11:24  Zealot x2  
  158  11:55  Zealot x3  
  158  11:56  Zealot x5  
  158  11:57  High Templar x2  
  158  11:58  High Templar x2, Zealot  
  184  12:01  Archon  
  184  12:02  Archon  
  184  12:07  Pylon  
  184  12:09  Pylon  
  184  12:10  Pylon  
  184  12:12  Immortal, Pylon  
  184  12:13  Photon Cannon  
  184  12:15  Photon Cannon  
  188  12:17  Photon Cannon  
  186  12:26  Immortal  
  128  12:51  Zealot x4  
  126  12:52  Zealot x2, High Templar x2  
  126  12:53  High Templar x2  
  126  12:54  High Templar x2, Zealot  
  126  12:58  Cybernetics Core  
  148  12:59  Archon  
  148  13:00  Archon x2  
  148  13:04  Probe x3  
  151  13:11  Probe  
  150  13:15  Nexus  
  150  13:16  Probe x2  
  152  13:23  Photon Cannon  
  152  13:25  Photon Cannon  
  152  13:26  Photon Cannon  
  152  13:33  High Templar  
  152  13:34  High Templar x3  
  156  13:35  High Templar  
  156  13:36  High Templar, Zealot x3  
  156  13:37  Zealot x4  
Tags
 
Add a new tag
Caveats
  • Supply blocks, unpowered buildings, or Contaminate may cause inaccurate times.
  • Supply counts are checked every 10 seconds.